 Dungeon Crawl Stone Soup version 0.29.1-2-gbd0b4ee654 (webtiles) character file.

Game seed: 15084648512489995931

72088 boopmooplesden the Bludgeoner (level 15, -8/122 HPs)
             Began as a Minotaur Fighter on Nov 26, 2022.
             Was the Champion of Hepliaklqana.
             Mangled by an orc warrior
             ... wielding a +3 halberd
             ... led by an orc warlord
              (9 damage)
             ... on level 2 of the Orcish Mines.
             The game lasted 00:36:58 (22709 turns).

boopmooplesden the Bludgeoner (Minotaur Fighter)   Turns: 22709, Time: 00:36:58

Health: -8/122     AC: 23    Str: 26    XL:     15   Next: 0%
Magic:  14/14      EV:  9    Int:  7    God:    Hepliaklqana [******]
Gold:   1879       SH: 17    Dex: 12    Spells: 14/14 levels left

rFire   + . .      SeeInvis .   h - +7 mace "Feobrul" {freeze, rF+}
rCold   . . .      Faith    +   u - +4 kite shield of Sorcery {Int+2}
rNeg    + . .      Spirit   .   m - +3 plate armour {rPois}
rPois   +          Reflect  .   (helmet restricted)
rElec   .          Harm     .   D - +0 cloak
rCorr   .          Rampage  .   (no gloves)
Will    +....                   z - +0 pair of boots
Stlth   ..........              l - amulet of faith
HPRegen 0.30/turn               U - ring of positive energy
MPRegen 0.14/turn               H - ring of poison resistance

@: on berserk cooldown, slowed, very slow
A: reduced essence, horns 2, retaliatory headbutt
a: Renounce Religion, Recall Ancestor, Ancestor Identity, Transference, Idealise


You were on level 2 of the Orcish Mines.
You worshipped Hepliaklqana.
Hepliaklqana was exalted by your worship.
You visited 4 branches of the dungeon, and saw 21 of its levels.
You also visited: Sewer and Gauntlet.

You collected 1879 gold pieces.

Inventory:

Hand Weapons
 a - a +1 vorpal long sword
 h - the +7 mace "Feobrul" (weapon) {freeze, rF+}
   (You found it on level 3 of the Dungeon)

   It freezes those it strikes, dealing additional cold damage.
   It can also slow down cold-blooded creatures.
   rF:        It protects you from fire.
 i - a +2 quarterstaff of speed
 A - a +0 great sword
 E - a +2 flail of holy wrath
 X - a +3 vampiric demon trident
Missiles
 K - 6 boomerangs (quivered)
Armour
 m - a +3 plate armour of poison resistance (worn)
 u - the +4 kite shield of Sorcery (worn) {Int+2}
   (You acquired it on level 7 of the Dungeon)

   Int:       It affects your intelligence (+2).
 z - a +0 pair of boots (worn)
 C - the +5 robe of the Cockroach {rPois}
   (You found it on level 6 of the Dungeon)

   rPois:     It protects you from poison.
 D - a +0 cloak (worn)
Jewellery
 g - a ring of flight
 l - an amulet of faith (around neck)
 p - a +4 ring of slaying
 F - an amulet of guardian spirit
 H - a ring of poison resistance (right hand)
 Q - the ring of Wiajuc {rF+ Str+3}
   (You found it on level 3 of the Lair of Beasts)

   [ring of protection from fire]

   Str:       It affects your strength (+3).
   rF:        It protects you from fire.
 R - a +4 ring of evasion
 U - a ring of positive energy (left hand)
 W - a ring of positive energy
Wands
 c - a wand of flame (23)
 w - a wand of paralysis (9)
 N - a wand of quicksilver (12)
 Y - a wand of mindburst (4)
 Z - a wand of roots (3)
Scrolls
 b - 2 scrolls of fear
 n - 2 scrolls of identify
 q - 6 scrolls of enchant weapon
 s - 13 scrolls of teleportation
 y - 3 scrolls of summoning
 M - 3 scrolls of silence
 P - 2 scrolls of poison
 T - a scroll of magic mapping
Potions
 d - a potion of magic
 j - 10 potions of curing
 k - 6 potions of attraction
 o - 5 potions of mutation
 r - 2 potions of cancellation
 t - 2 potions of haste
 x - a potion of might
 B - 2 potions of lignification
 G - 4 potions of brilliance
 I - 2 potions of resistance
 L - 2 potions of invisibility
 O - 3 potions of flight
 S - a potion of heal wounds
Miscellaneous
 e - a lightning rod (4/4)
 J - a phial of floods
 V - a tin of tremorstones (2/2)


   Skills:
 + Level 13.5 Fighting
 + Level 4.4 Long Blades
 + Level 15.9 Maces & Flails
 + Level 0.6 Throwing
 + Level 15.8 Armour
 + Level 5.4 Dodging
 + Level 6.7 Stealth
 + Level 15.9 Shields
 + Level 0.7 Evocations


You had 14 spell levels left.
You didn't know any spells.
Your spell library contained the following spells:

 Spells                   Type           Power      Damage    Failure   Level
 Apportation              Tloc           0%         N/A       99%         1
 Beastly Appendage        Tmut           0%         N/A       99%         1
 Necrotise                Necr           0%         1d4       99%         1
 Slow                     Hex            0%         N/A       99%         1
 Summon Small Mammal      Summ           0%         N/A       99%         1
 Poisonous Vapours        Pois/Air       0%         N/A       100%        2
 Scorch                   Fire           0%         2d5       100%        2
 Sublimation of Blood     Necr           0%         N/A       100%        2
 Wereblood                Tmut           0%         N/A       100%        2
 Confusing Touch          Hex            0%         N/A       100%        3
 Conjure Flame            Conj/Fire      0%         6-21      100%        3
 Ignite Poison            Fire/Tmut/Pois 0%         N/A       100%        3
 Spider Form              Tmut/Pois      0%         N/A       100%        3
 Vampiric Draining        Necr           0%         2d6       100%        3
 Animate Dead             Necr           0%         N/A       100%        4
 Corpse Rot               Necr/Pois/Air  0%         N/A       100%        4
 Flame Wave               Conj/Fire      0%         2d4       100%        4
 Fulminant Prism          Conj/Hex       0%         3d6       100%        4
 Iskenderun's Mystic Bla  Conj/Tloc      0%         2d3       100%        4
 Leda's Liquefaction      Hex/Erth       0%         N/A       100%        4
 Passage of Golubria      Tloc           0%         N/A       100%        4
 Petrify                  Tmut/Erth      0%         N/A       100%        4
 Sticky Flame             Conj/Fire      0%         2d3       100%        4
 Borgnjor's Vile Clutch   Necr/Erth      0%         N/A       100%        5
 Irradiate                Conj/Tmut      0%         3d11      100%        5
 Lee's Rapid Deconstruct  Erth           0%         3d5*      100%        5
 Metabolic Englaciation   Hex/Ice        0%         N/A       100%        5
 Silence                  Hex/Air        0%         N/A       100%        5
 Summon Forest            Summ/Tloc      0%         N/A       100%        5
 Summon Mana Viper        Hex/Summ       0%         N/A       100%        5
 Yara's Violent Unravell  Hex/Tmut       0%         3d3       100%        5
 Conjure Ball Lightning   Conj/Air       0%         3x3d6     100%        6
 Death Channel            Necr           0%         N/A       100%        6
 Statue Form              Tmut/Erth      0%         N/A       100%        6
 Summon Cactus Giant      Summ           0%         N/A       100%        6
 Enfeeble                 Hex            0%         N/A       100%        7
 Malign Gateway           Summ/Tloc      0%         N/A       100%        7
 Discord                  Hex            0%         N/A       100%        8
 Disjunction              Tloc           0%         N/A       100%        8
 Lehudib's Crystal Spear  Conj/Erth      0%         10d2      100%        8
 Summon Horrible Things   Summ           0%         N/A       100%        8


Dungeon Overview and Level Annotations

Branches:
Dungeon (13/15)            Temple (1/1) D:7            Lair (5/5) D:9
  Swamp (0/4) Lair:3        Snake (0/4) Lair:3        Slime (0/5) Lair:4
    Orc (2/2) D:12         Vaults (0/5) D:13          Sewer (visited)
Gauntlet (visited)
    Elf: Orc:2

Altars:
Ashenzari
Cheibriados
Dithmenos
Elyvilon
Fedhas
Gozag
Hepliaklqana
Kikubaaqudgha
Makhleb
Nemelex Xobeh
Okawaru
Qazlal
Ru
Sif Muna
Trog
Uskayaw
Vehumet
Wu Jian
Xom
Yredelemnul
Zin
The Shining One
Jiyva


Innate Abilities, Weirdness & Mutations

Your life essence is reduced to manifest your ancestor. (-10% HP)
You have a pair of horns on your head.
You reflexively headbutt those who attack you in melee.


Message History

You block the orc's attack. You block the orc warrior's attack.
The orc warrior barely misses you.
You thump the orc warrior! You freeze the orc warrior.
You kill the orc warrior!
The troll bites you!
* * * LOW HITPOINT WARNING * * *
The troll claws you but does no damage. You block the troll's attack.
You block the orc warrior's attack. You block the orc's attack.
You block the orc warrior's attack.
You have reached level 15!
Your experience leads to an increase in your attributes!
Your base attributes are Str 24, Int 5, Dex 12.
Increase (S)trength, (I)ntelligence, or (D)exterity?
You feel stronger. x2
You feel much better. You block the troll's attack. x2
The troll claws you but does no damage.
The orc warrior hits you but does no damage.
You block the orc's attack. The orc hits you but does no damage.
The orc warrior hits you from afar with a +3 halberd!
* * * LOW HITPOINT WARNING * * *
Blink to where?
Press: ? - help, Dir - move target
As you read the scroll of blinking, it crumbles to dust.
The orc priest invokes the aid of Beogh against you.
You are unaffected.
You block the orc warrior's attack.
The orc warrior hits you from afar with a +3 halberd!
* * * LOW HITPOINT WARNING * * *
You block the orc warrior's attack. You block the orc warrior's attack.
The troll attacks as you move away! You block the troll's attack.
The troll claws you but does no damage. x2
The troll bites you but does no damage. You block the troll's attack.
The troll claws you.
* * * LOW HITPOINT WARNING * * *
The orc warrior hits you but does no damage.
There is a stone staircase leading up here.
You block the troll's attack. x2; The troll claws you!
* * * LOW HITPOINT WARNING * * *
The orc warrior hits you from afar with a +3 halberd!
You die...

#....#...))##
####.......### #.
##.###.....).# ## ...
#...###..#.o.# #.##.$.
##.#.######oo##.......
##.....##....o......#.
#...........ooo.......
##...........T........
#............@.....#.
##....#...............
#...##....^..........
##.####.#............
#######R##...............
...##.R..##...........#..
.........................
...##.##................
######.........


You could see a troll, 2 orc warriors, an orc priest and 4 orcs.

Vanquished Creatures
  An orc warlord (Orc:2)
  The ghost of Jingleheimer the Brawler, a journeyman TrFi of Wu Jian (Lair:1)
  A minotaur (Gauntlet)
  The ghost of Murgh the Cleaver, a journeyman MiBe of Trog (Lair:4)
  Josephine (D:13)
  A boulder beetle (D:11)
  5 hydras
  4 two-headed ogres
  2 centaur warriors (D:13)
  A goliath frog (Lair:5)
  3 skeletal warriors (D:12)
  A deep elf pyromancer (D:13)
  A worldbinder (Gauntlet)
  A manticore (D:13)
  2 elephants (Lair:5)
  3 cyclopes
  7 black mambas
  A guardian serpent (D:13)
  2 molten gargoyles (Lair:3)
  16 cane toads
  A gargoyle (D:12)
  3 orange demons (D:10)
  6 komodo dragons
  An efreet (D:13)
  A freezing wraith (D:12)
  2 rime drakes
  3 red devils (D:10)
  The ghost of sigtrap the Covert, a novice SpBr (D:4)
  2 tyrant leeches (Lair:5)
  5 trolls
  Prince Ribbit (D:7)
  3 slime creatures (D:12)
  Grinder (D:6)
  16 blink frogs
  12 flying skulls (Gauntlet)
  A vampire (D:13)
  2 centaur simulacra (Gauntlet)
  3 wyverns
  A fire bat (Lair:5)
  6 wraiths
  A shadow (D:12)
  46 yaks
  A steam dragon (D:8)
  2 basilisks
  7 vampire mosquitoes
  A warg (Orc:2)
  Edmund (D:6)
  19 water moccasins
  Duvessa (D:6)
  Pargi (Sewer)
  3 sky beasts
  7 orc warriors
  A black bear (Lair:1)
  An ice beast (D:7)
  6 ogres
  2 wolves (Lair:3)
  A boggart (Gauntlet)
  3 centaurs
  A cane toad simulacrum (Gauntlet)
  17 bullfrogs
  2 necrophages
  3 gnoll sergeants
  2 scorpions
  27 wights
  Dowan (D:6)
  7 killer bees
  An electric eel (Lair:5)
  4 howler monkeys
  4 lava snakes (Lair:3)
  Crazy Yiuf (D:6)
  6 jellies
  5 orc priests
  4 hounds
  Ijyb (D:5)
  2 iguanas
  7 orc wizards
  13 gnolls
  3 adders
  A river rat (D:5)
  A white imp (D:6)
  An ufetubus (D:6)
  4 worms
  2 dart slugs (D:1)
  24 orcs
  14 ball pythons
  5 bats
  8 endoplasms
  6 giant cockroaches
  6 goblins
  7 hobgoblins
  3 jackals (D:1)
  6 kobolds
  5 quokkas
  7 frilled lizards
  3 rats
444 creatures vanquished.

Vanquished Creatures (collateral kills)
  An ironbound preserver (D:13)
  Snorg (D:12)
  3 boulder beetles
  A catoblepas (Lair:4)
  3 hydras
  A skeletal warrior (D:12)
  Lodul (D:10)
  A deep elf pyromancer (D:12)
  Joseph (D:10)
  An elephant (Lair:5)
  2 cane toads (Lair:5)
  An orange demon (D:10)
  3 komodo dragons
  A red devil (D:10)
  3 trolls
  A tyrant leech (Lair:5)
  10 blink frogs
  A slime creature (D:12)
  A wyvern (Lair:3)
  A fire bat (Lair:5)
  2 wraiths
  19 yaks
  3 basilisks
  2 vampire mosquitoes
  4 water moccasins (Lair:3)
  An orc warrior (Orc:1)
  2 ogres (D:10)
  A wolf (Lair:3)
  3 bullfrogs
  A wight (D:8)
  2 killer bees
  An electric eel (Lair:5)
  A lava snake (Lair:3)
  An orc priest (Orc:1)
  2 jellies (Lair:4)
  A gnoll (D:11)
  4 orcs
88 creatures vanquished.

Vanquished Creatures (others)
  A vampire (D:13)
  11 hexers
  A bush (Lair:5)
  31 fungi
  110 plants
154 creatures vanquished.

Grand Total: 686 creatures vanquished

Notes
Turn   | Place    | Note
-------+----------+-------------------------------------------
     0 | D:1      | boopmooplesden the Minotaur Fighter began the quest for the
                  | Orb.
     0 | D:1      | Reached XP level 1. HP: 19/19 MP: 0/0
    65 | D:1      | You fall into a shaft and drop 1 floor!
   323 | D:2      | Reached XP level 2. HP: 22/27 MP: 1/1
   721 | D:1      | Reached XP level 3. HP: 33/33 MP: 2/2
  1452 | D:2      | Found a faded altar of an unknown god.
  1705 | D:3      | Found a shimmering blue altar of Sif Muna.
  1785 | D:3      | Reached XP level 4. HP: 41/41 MP: 3/3
  1902 | D:3      | Found an opulent altar of Gozag.
  1955 | D:3      | Identified the +7 mace "Feobrul" {freeze, rF+}
  2002 | D:3      | Noticed a scorpion
  2008 | D:3      | Killed a scorpion
  2009 | D:3      | Reached skill level 1 in Dodging
  2151 | D:3      | Reached XP level 5. HP: 46/47 MP: 4/4
  2728 | D:4      | Reached skill level 1 in Maces & Flails
  2779 | D:4      | Found a runed translucent door.
  2868 | D:4      | Noticed an ogre
  2880 | D:4      | Killed an ogre
  2881 | D:4      | Reached XP level 6. HP: 34/53 MP: 5/5
  3222 | D:4      | Noticed sigtrap's ghost (novice SpBr)
  3324 | D:4      | Reached skill level 5 in Armour
  3605 | D:4      | Killed sigtrap's ghost
  3606 | D:4      | Reached skill level 5 in Fighting
  3606 | D:4      | Reached XP level 7. HP: 53/61 MP: 6/6
  3658 | D:5      | Entered Level 5 of the Dungeon
  3679 | D:5      | Found a glowing drain.
  3694 | Sewer    | Entered a sewer
  3813 | Sewer    | Noticed Pargi
  3822 | Sewer    | Killed Pargi
  4144 | D:5      | Noticed Ijyb
  4150 | D:5      | Paralysed by Ijyb for 4 turns
  4155 | D:5      | Killed Ijyb
  4331 | D:5      | Reached skill level 5 in Maces & Flails
  4513 | D:5      | Reached XP level 8. HP: 44/69 MP: 7/7
  4646 | D:5      | Reached skill level 5 in Shields
  5271 | D:6      | Noticed Duvessa
  5271 | D:6      | Noticed Dowan
  5274 | D:6      | Killed Duvessa
  5278 | D:6      | Killed Dowan
  5565 | D:6      | Identified the +5 robe of the Cockroach {rPois}
  5585 | D:6      | Found a runed translucent door.
  5585 | D:6      | Noticed Grinder
  5585 | D:6      | Noticed Edmund
  5586 | D:6      | Noticed Crazy Yiuf
  5589 | D:6      | Killed Edmund
  5595 | D:6      | Killed Crazy Yiuf
  5596 | D:6      | Reached XP level 9. HP: 47/75 MP: 8/8
  5603 | D:6      | Killed Grinder
  6066 | D:7      | Noticed Prince Ribbit
  6093 | D:7      | Killed Prince Ribbit
  6275 | D:7      | Reached skill level 10 in Maces & Flails
  6283 | D:7      | Found a staircase to the Ecumenical Temple.
  6301 | Temple   | Entered the Ecumenical Temple
  6539 | Temple   | Became a worshipper of Hepliaklqana the Forgotten
  6670 | D:7      | Identified a scroll of acquirement
  6670 | D:7      | Acquired the +4 kite shield of Sorcery {Int+2}
  6802 | D:7      | Reached XP level 10. HP: 74/83 MP: 9/9
  6850 | D:7      | Found a snail-covered altar of Cheibriados.
  7170 | D:8      | Noticed a two-headed ogre
  7183 | D:8      | Killed a two-headed ogre
  7551 | D:8      | Reached skill level 10 in Armour
  7681 | D:8      | Reached * piety under Hepliaklqana
  8192 | D:8      | Reached skill level 1 in Stealth
  8454 | D:8      | Found a shadowy altar of Dithmenos.
  8534 | D:8      | Found an iron altar of Okawaru.
  8811 | D:9      | Found a sacrificial altar of Ru.
  8859 | D:9      | Identified the +1 ring mail of Hader {rN+}
  8862 | D:9      | Found a staircase to the Lair.
  8905 | D:9      | Reached ** piety under Hepliaklqana
  8909 | D:9      | Remembered your ancestor Sunngifu as a hexer
  9448 | Lair:1   | Entered Level 1 of the Lair of Beasts
  9456 | Lair:1   | Reached XP level 11. HP: 85/85 MP: 10/10
  9509 | Lair:1   | Found a runed translucent gate.
  9509 | Lair:1   | Found a runed translucent gate.
  9511 | Lair:1   | Found a runed translucent gate.
  9566 | Lair:1   | Noticed Jingleheimer's ghost (journeyman TrFi)
  9670 | Lair:1   | Noticed a five-headed hydra
  9677 | Lair:1   | Killed a five-headed hydra
 10564 | Lair:1   | Killed Jingleheimer's ghost
 10946 | Lair:2   | Reached *** piety under Hepliaklqana
 11695 | Lair:3   | Reached XP level 12. HP: 48/94 MP: 11/11
 11716 | Lair:3   | Reached skill level 10 in Shields
 12577 | Lair:3   | Found a staircase to the Snake Pit.
 12661 | Lair:3   | Reached skill level 10 in Fighting
 12922 | Lair:3   | Reached **** piety under Hepliaklqana
 13148 | Lair:3   | Found a staircase to the Swamp.
 13224 | Lair:3   | Identified the ring of Wiajuc {rF+ Str+3}
 13854 | Lair:4   | Noticed a catoblepas
 13865 | Lair:4   | Killed a catoblepas
 13914 | Lair:4   | Found a runed translucent gate.
 13914 | Lair:4   | Found a runed translucent gate.
 13915 | Lair:4   | Found a runed translucent gate.
 13915 | Lair:4   | Noticed a 13-headed hydra
 13946 | Lair:4   | Noticed a 13-headed hydra
 13946 | Lair:4   | Noticed Murgh's ghost (journeyman MiBe)
 14374 | Lair:4   | Found a staircase to the Slime Pits.
 14374 | Lair:4   | Found a viscous altar of Jiyva.
 14494 | Lair:4   | Reached XP level 13. HP: 76/104 MP: 12/12
 14828 | Lair:4   | Found an ornate altar of the Wu Jian Council.
 15058 | Lair:4   | Killed Murgh's ghost
 15059 | Lair:4   | Reached skill level 5 in Stealth
 15386 | Lair:5   | Entered Level 5 of the Lair of Beasts
 15487 | Lair:5   | Reached ***** piety under Hepliaklqana
 15594 | Lair:5   | Reached skill level 15 in Maces & Flails
 15798 | Lair:5   | Reached skill level 5 in Dodging
 15833 | Lair:5   | Found a gate leading to a gauntlet.
 15847 | Gauntlet | Entered a Gauntlet
 15847 | Gauntlet | Found a transporter.
 15847 | Gauntlet | Found a transporter.
 15847 | Gauntlet | Found a transporter.
 15881 | Gauntlet | Found a transporter.
 15885 | Gauntlet | Found a transporter.
 15981 | Gauntlet | Found a transporter.
 15981 | Gauntlet | Found a transporter.
 16072 | Gauntlet | Found a transporter.
 16087 | Gauntlet | Found a transporter.
 16215 | Gauntlet | Noticed a minotaur
 16233 | Gauntlet | HP: 3/105 [minotaur/+2 halberd of flaming (5)]
 16238 | Gauntlet | Killed a minotaur
 16258 | Gauntlet | Got Ucsucsis's Verses on the Enchanting Birds
 17506 | D:10     | Entered Level 10 of the Dungeon
 17516 | D:10     | Noticed Joseph
 17531 | D:10     | Killed Joseph
 17532 | D:10     | Reached XP level 14. HP: 97/113 MP: 13/13
 17841 | D:10     | Noticed Lodul
 17858 | D:10     | Killed Lodul
 18713 | D:11     | Reached ****** piety under Hepliaklqana
 18726 | D:11     | Reached skill level 15 in Armour
 19419 | D:11     | Found a sparkling altar of Nemelex Xobeh.
 19422 | D:11     | Found an ancient bone altar of Kikubaaqudgha.
 19422 | D:11     | Found an opulent altar of Gozag.
 19424 | D:11     | Found a bloodstained altar of Trog.
 19424 | D:11     | Found a shimmering altar of Xom.
 19424 | D:11     | Found a snail-covered altar of Cheibriados.
 19601 | D:12     | Noticed Snorg
 19614 | D:12     | Killed Snorg
 19615 | D:12     | Reached skill level 15 in Shields
 20332 | D:12     | Found a staircase to the Orcish Mines.
 21001 | D:13     | Noticed Josephine
 21012 | D:13     | Killed Josephine
 21342 | D:13     | Found a gate to the Vaults.
 21342 | D:13     | Noticed an ironbound preserver
 21357 | D:13     | Killed an ironbound preserver
 22329 | Orc:1    | Entered Level 1 of the Orcish Mines
 22612 | Orc:2    | Entered Level 2 of the Orcish Mines
 22661 | Orc:2    | Noticed an orc warlord
 22686 | Orc:2    | Killed an orc warlord
 22701 | Orc:2    | Reached XP level 15. HP: 19/122 MP: 14/14
 22709 | Orc:2    | HP: 1/122 [troll (7)]
 22709 | Orc:2    | Mangled by an orc warrior

Illustrated notes

Levels and vault maps discovered:
D:1:      dreamdust_arrival_beginning_and_end, layout_loops_cross
D:2:      layout_rooms, shapermc_ecumenical_altar_mp_vishouse,
          minmay_misc_feat_x
D:3:      cheibrodos_helix_gallery, layout_basic,
          mainiacjoe_overflow_concentric_impassable, grunt_gozag_statues
D:4:      layout_basic, ebering_ghost_reflecting_pool
D:5:      layout_cave_pools, portal_sewer_entry_c, nrook_campfire,
          chequers_serial_rivers_micro_b, uniq_ijyb
D:6:      layout_rooms, uniq_crazy_yiuf_cottage, uniq_grinder, uniq_duvessa,
          uniq_edmund
D:7:      layout_rooms, kennysheep_mini, minmay_temple_entry_grid,
          uniq_prince_ribbit1
D:8:      layout_loops_ring, mainiacjoe_overflow_catch_the_wave
D:9:      layout_rooms, mainiacjoe_overflow_tiny_flanked, lair_entry_dummy
D:10:     layout_big_octagon, kennysheep_small_spiral,
          minmay_beelzebubs_servants, uniq_lodul, uniq_joseph
D:11:     layout_loops_ring, doesnt_xom_only_xom
D:12:     layout_cave_pools, orc_0_dummy, minmay_misc_feat_diagonals,
          minmay_misc_feat_iff, uniq_snorg
D:13:     layout_irregular_city, skrybe_vaults_entry_preservation,
          nrook_guardian_serpent_double, uniq_josephine
Temple:   nicolae_temple_superstar
Lair:1:   layout_chaotic_city, ebering_ghost_rock_garden
Lair:2:   layout_misc_corridors, serial_bayou_pond_b
Lair:3:   cheibrodos_magma_flow, layout_cave_pods, swamp_mist,
          minmay_snake_entry_six_corridors
Lair:4:   layout_cave_pods, minmay_slime_entry_pillars,
          gammafunk_ghost_hydra_chop, basic_altar
Lair:5:   minmay_lair_end_frog_pond, layout_gridlike, gauntlet_entry_generic
Orc:1:    layout_caves
Orc:2:    st_orc_mages, layout_caves

Skill      XL: |  1  2  3  4  5  6  7  8  9 10 11 12 13 14 |
---------------+-------------------------------------------+-----
Fighting       | 4 5 6 7 8 9 11 12 13 | 13.5
Armour         | 4 5 6 8 9 10 12 13 14 15 | 15.8
Shields        | 4 5 6 9 11 14 15 | 15.9
Long Blades    | 3 4 |  4.4
Dodging        | 1 2 3 4 5 |  5.4
Maces & Flails | 2 3 5 7 10 11 13 14 15 | 15.9
Stealth        | 1 3 4 5 6 |  6.7
Throwing       | |  0.6
Evocations     | |  0.7

Action                   |  1- 3 |  4- 6 |  7- 9 | 10-12 | 13-15 || total
-------------------------+-------+-------+-------+-------+-------++-------
Melee: Long sword        |    99 |     4 |       |       |       ||   103
       Headbutt          |    13 |     9 |    35 |   102 |   185 ||   344
       Mace              |       |    65 |   217 |   437 |   699 ||  1418
Throw: Boomerang         |       |       |       |       |     5 ||     5
Invok: Ancestor Life: He |       |       |       |     1 |       ||     1
Evoke: Lightning rod     |       |       |       |       |     3 ||     3
       Tin of tremorston |       |       |       |       |     1 ||     1
  Use: Scroll            |    10 |     3 |     6 |     3 |    18 ||    40
       Potion            |       |     1 |       |     1 |    14 ||    16
 Stab: Distracted        |       |       |       |    11 |    18 ||    29
       Confused          |       |       |       |     6 |    18 ||    24
Armor: Scale mail        |    46 |    38 |    33 |       |       ||   117
       Chain mail        |       |       |    43 |       |       ||    43
       Plate armour      |       |       |     4 |   152 |   279 ||   435
Dodge: Dodged            |    49 |    26 |    95 |    97 |   148 ||   415
Block: Buckler           |    27 |    19 |    60 |       |       ||   106
       Kite shield       |       |       |     6 |   282 |   565 ||   853
